 Dungeon Crawl Stone Soup version 0.29-a0-824-gd827844252 (webtiles) character file.

Game seed: 17487497983962438781

408 Morbidden the Shooter (level 6, -9/49 (51) HPs)
             Began as a Minotaur Hunter on July 10, 2022.
             Was an Initiate of Cheibriados.
             Mangled by a wight
             ... wielding a +5 halberd
              (16 damage)
             ... on level 5 of the Dungeon.
             The game lasted 00:04:18 (3849 turns).

Morbidden the Shooter (Minotaur Hunter)             Turns: 3849, Time: 00:04:18

HP:   -9/49 (51)    AC:  3    Str: 17    XL:     6   Next: 57%
MP:   5/5           EV: 13    Int:  7    God:    Cheibriados [......]
Gold: 125           SH:  5    Dex: 16    Spells: 5/5 levels left

rFire   + . .      SeeInvis .   a - +0 shortbow
rCold   . . .      Faith    .   (shield currently unavailable)
rNeg    . . .      Spirit   .   c - +0 leather armour
rPois   .          Reflect  +   (helmet restricted)
rElec   .          Harm     .   (no cloak)
rCorr   .          Rampage  .   (no gloves)
Will    .....                   (no boots)
Stlth   ++........              q - amulet of reflection
HPRegen 0.16/turn               e - ring of protection from fire
MPRegen 0.09/turn               (no ring)

@: lightly drained, very slow
A: horns 2, retaliatory headbutt
a: Renounce Religion


You were on level 5 of the Dungeon.
You worshipped Cheibriados.
Cheibriados was noncommittal.
You visited 2 branches of the dungeon, and saw 7 of its levels.

You collected 125 gold pieces.

Inventory:

Hand Weapons
 a - a +0 shortbow (weapon)
 b - a +1 dagger of electrocution
 t - a +1 dagger of freezing
 v - a +2 dagger of speed
Missiles
 l - 6 javelins
 p - 5 curare-tipped darts
Armour
 c - a +0 leather armour (worn)
Jewellery
 e - a ring of protection from fire (left hand)
 i - an amulet of guardian spirit
 q - an amulet of reflection (around neck)
Scrolls
 h - 3 scrolls of enchant armour {unknown}
 j - 2 scrolls of teleportation {unknown}
 k - 2 scrolls of magic mapping {unknown}
 m - a scroll of immolation
 n - 2 scrolls of noise {unknown}
 o - 4 scrolls of identify {unknown}
 u - 2 scrolls of enchant weapon {unknown}
 x - a scroll of poison {unknown}
 y - a scroll of fear {unknown}
 A - a scroll of silence {unknown}
 B - a scroll of vulnerability {unknown}
Potions
 d - a potion of haste {unknown}
 f - a potion of magic {unknown}
 g - 6 potions of curing {unknown}
 r - a potion of mutation {unknown}
 s - a potion of brilliance {unknown}
 w - 2 potions of cancellation {unknown}
 z - a potion of lignification {unknown}


   Skills:
 * Level 3.6 Fighting
 * Level 0.9 Short Blades
 * Level 7.2 Ranged Weapons
 + Level 2.6 Armour
 * Level 3.1 Dodging
 + Level 1.0 Stealth
 + Level 1.2 Shields


You had 5 spell levels left.
You didn't know any spells.
Your spell library contained the following spells:

 Spells                   Type           Power      Damage    Failure   Level
 Summon Small Mammal      Summ           0%         N/A       50%         1
 Call Canine Familiar     Summ           0%         N/A       86%         3
 Summon Guardian Golem    Hex/Summ       0%         N/A       86%         3


Dungeon Overview and Level Annotations

Branches:
Dungeon (6/15)             Temple (1/1) D:6

Altars:
Cheibriados
Hepliaklqana
Okawaru
Wu Jian

Shops:
D:2 [((


Innate Abilities, Weirdness & Mutations

You have a pair of horns on your head.
You reflexively headbutt those who attack you in melee.


Message History

A wight comes into view. It is wielding a +0 spear.
You shoot an arrow.
The arrow hits the wight but does no damage.
You shoot an arrow. The arrow closely misses the wight.
The wight hits you from afar with a +0 spear.
A wight comes into view.
It is wielding a +5 halberd and wearing a +0 robe of willpower.
There are monsters nearby!
You shoot an arrow. The arrow hits the wight!
The wight is heavily damaged.
The wight hits you from afar with a +0 spear!
A wight comes into view. It is wielding a +1 dagger.
There are monsters nearby!
You shoot an arrow. The arrow hits the wight.
The wight is lightly damaged.
You shoot an arrow. The arrow closely misses the wight.
The wight barely misses you. You block the wight's attack.
Unknown command.
Unknown command.
You shoot an arrow. The arrow closely misses the wight.
The wight hits you from afar with a +0 spear!
You feel drained.
The wight hits you from afar with a +5 halberd!
Unknown command.
Unknown command.
You are too injured to fight recklessly!
Unknown command.
Fire: a) +0 shortbow
Press: ? - help, Q - select action, (/) - cycle Shift-Dir - straight line, f - wight
Aim: a wight, wielding a +5 halberd and wearing a +0 robe of willpower (lightly damaged, 64% to hit)
You shoot an arrow. The arrow closely misses the wight.
The wight hits you from afar with a +5 halberd!
* * * LOW HITPOINT WARNING * * *
Fire: a) +0 shortbow
Press: ? - help, Q - select action, (/) - cycle Shift-Dir - straight line, f/p - wight
Aim: a wight, wielding a +5 halberd and wearing a +0 robe of willpower (lightly damaged, 64% to hit)
You shoot an arrow.
The arrow hits the wight but does no damage.
The wight is lightly damaged.
The wight hits you from afar with a +5 halberd!
You die...

##.......#.##
#..
#.......##.##
#.#
####....##.##
#.# #....##.##
#.#
####....##.#.
#.#
#..........#.
#.#
#†##..(.##...
#.#
#.##....##.#.
#@#
##.########...
#.# #..# ##...
#z###.##
##.... #zz...#
##.....
#..####
....... #..#
>.....† #..#
......# ....
##.... .....
......


You could see 3 wights.

Vanquished Creatures
  A centaur (D:5)
  A scorpion (D:5)
  An orc priest (D:3)
  Terence (D:2)
  Natasha (D:1)
  2 orc wizards (D:3)
  7 adders
  3 dart slugs
  6 orcs
  5 endoplasms
  3 giant cockroaches
  6 goblins
  7 hobgoblins
  6 jackals (D:3)
  2 quokkas
  6 ball pythons
  5 bats
  2 frilled lizards
  7 kobolds
  5 rats
77 creatures vanquished.

Vanquished Creatures (others)
  A withered plant (D:2)
1 creature vanquished.

Grand Total: 78 creatures vanquished

Notes
Turn   | Place    | Note
-------+----------+-------------------------------------------
     0 | D:1      | Morbidden the Minotaur Hunter began the quest for the Orb.
     0 | D:1      | Reached XP level 1. HP: 18/18 MP: 0/0
   436 | D:1      | Reached XP level 2. HP: 25/25 MP: 1/1
  1168 | D:1      | Reached skill level 5 in Ranged Weapons
  1322 | D:2      | Noticed Natasha
  1329 | D:1      | Killed Natasha
  1330 | D:1      | Reached XP level 3. HP: 29/30 MP: 2/2
  1461 | D:2      | Reached XP level 4. HP: 27/37 MP: 3/3
  1536 | D:2      | Found Eforreff's Weapon Shop.
  1572 | D:2      | Found Rumuj's Antique Armour Emporium.
  1580 | D:2      | Reached skill level 1 in Armour
  1750 | D:2      | Found a faded altar of an unknown god.
  1760 | D:2      | Found Qoruel's Weapon Emporium.
  1781 | D:2      | Noticed Terence
  1788 | D:2      | Killed Terence
  1789 | D:2      | Reached skill level 6 in Ranged Weapons
  2064 | D:3      | Reached XP level 5. HP: 27/45 MP: 4/4
  3315 | D:4      | You fall into a shaft and drop 2 floors!
  3315 | D:6      | Found a staircase to the Ecumenical Temple.
  3321 | Temple   | Entered the Ecumenical Temple
  3347 | Temple   | Became a worshipper of Cheibriados the Contemplative
  3365 | D:5      | Entered Level 5 of the Dungeon
  3365 | D:5      | Noticed a centaur
  3371 | D:5      | Killed a centaur
  3372 | D:5      | Reached skill level 7 in Ranged Weapons
  3372 | D:5      | Reached XP level 6. HP: 18/51 MP: 5/5
  3377 | D:5      | Reached skill level 1 in Shields
  3593 | D:5      | Reached skill level 1 in Stealth
  3849 | D:5      | Mangled by a wight

Illustrated notes

Levels and vault maps discovered:
D:1:      lemuel_arrival_river_bridge, layout_loops_corners, serial_rivers,
          chequers_serial_rivers_large_a, chequers_serial_rivers_large_b,
          chequers_serial_rivers_marsh, chequers_serial_rivers_micro_c,
          chequers_serial_rivers_small_b
D:2:      layout_rooms, ebering_ecumenical_altar_petrified, serial_shops,
          nicolae_shop_bloodbath_and_beyond, shop, shop, uniq_terence,
          uniq_natasha
D:3:      layout_rooms
D:4:      layout_cave_pods, elyvilon_altar_4
D:5:      layout_rooms, mainiacjoe_overflow_alcove_2,
          eat_drink_and_be_merry_uskayaw, trog_three_pillars_becter
D:6:      layout_cave_pools, minmay_temple_entry_mini_moons, chequers_jeans,
          uniq_maggie
Temple:   nicolae_temple_bog_church

Skill      XL: |  1  2  3  4  5  6 |
---------------+-------------------+-----
Ranged Weapons | 5 6 7 |  7.2
Armour         | 1 2 |  2.6
Fighting       | 3 |  3.6
Dodging        | 3 |  3.1
Shields        | 1 |  1.2
Stealth        | 1 |  1.0
Short Blades   | |  0.9

Action                   |  1- 3 |  4- 6 || total
-------------------------+-------+-------++-------
Melee: Dagger            |     2 |    39 ||    41
       Headbutt          |       |     6 ||     6
 Fire: Shortbow          |    74 |   110 ||   184
Armor: Leather armour    |     8 |    18 ||    26
Dodge: Dodged            |    15 |    45 ||    60
Block: Other             |       |    25 ||    25
       Reflection        |       |     2 ||     2

Table legend: (Time is in decaauts)
 A = Elapsed time spent in this place.
 B = Non-inter-level travel time spent in this place.
 C = Inter-level travel time spent in this place.
 D = Time resting spent in this place.
 E = Time spent auto-exploring this place.
 F = Levels seen in this place.
 G = Mean time per level.
                   A        B        C        D        E       F      G
               +--------+--------+--------+--------+--------+-----+--------+
         Total |   3945 |   3816 |    129 |    610 |   2699 |   7 |  563.6 |
       Dungeon |   3911 |   3787 |    124 |    610 |   2686 |   6 |  651.8 |
        Temple |     33 |     28 |      5 |      0 |     13 |   1 |   33.0 |
               +--------+--------+--------+--------+--------+-----+--------+

Top non-repeatable levels by time:
     D:1: 1385 daAuts
     D:2: 1155 daAuts
     D:3: 840 daAuts
     D:5: 502 daAuts
  Temple: 33 daAuts
     D:6: 20 daAuts
     D:4: 7 daAuts
